 Dungeon Crawl Stone Soup version 0.28-a0-313-gbc0475efdd (webtiles) character file.

Game seed: 11634436600958378976

7470 ezpacito the Cleaver (level 10, -3/86 HPs)
             Began as a Demonspawn Abyssal Knight on Aug 31, 2021.
             Was a High Priest of Lugonu.
             Succumbed to Urug's poison
             ... on level 10 of the Dungeon.
             The game lasted 00:17:22 (10989 turns).

ezpacito the Cleaver (Demonspawn Abyssal Knight)   Turns: 10989, Time: 00:17:23

Health: -3/86      AC: 20    Str: 15    XL:     10   Next: 94%
Magic:  15/19      EV:  7    Int: 16    God:    Lugonu [*****.]
Gold:   1333       SH:  4    Dex: 13    Spells: 21/21 levels left

rFire   . . .      SeeInvis .   f - +6 executioner's axe (distort)
rCold   . . .      Faith    .   (shield currently unavailable)
rNeg    . . .      Spirit   .   k - +2 chain mail
rPois   .          Reflect  .   (no helmet)
rElec   .          Harm     .   (no cloak)
rCorr   .          Rampage  .   (no gloves)
Will    .....                   (no boots)
Stlth   ..........              (no amulet)
HPRegen 0.24/turn               p - +4 ring of protection
MPRegen 0.16/turn               (no ring)

@: lethally poisoned (-3 -> -54)
A: claws 1, icemail 1, spiny 1, big brain 2, condensation shield, dopey 1,
robust 1
a: Renounce Religion, Depart the Abyss, Bend Space, Banish, Corrupt, Enter the
Abyss


You were on level 10 of the Dungeon.
You worshipped Lugonu.
Lugonu was extremely pleased with you.
You visited 2 branches of the dungeon, and saw 11 of its levels.
You visited the Abyss 1 time.
You also visited: Sewer.

You collected 1333 gold pieces.

Inventory:

Hand Weapons
 a - a +1 hand axe
 f - a +6 executioner's axe of distortion (weapon)
 i - a +0 war axe
 o - a +2 vorpal spear
 s - the +6 glaive of Classification {spect, rCorr Str+2 Dex-2}
   (You found it on level 7 of the Dungeon)

   When its wielder attacks, the weapon's spirit leaps out and strikes again.
   The spirit shares a part of any damage it takes with its wielder.
   Str:       It affects your strength (+2).
   Dex:       It affects your dexterity (-2).
   rCorr:     It protects you from acid and corrosion.
Missiles
 b - 6 boomerangs
 c - 163 stones
 d - 3 javelins
 h - a throwing net
Armour
 k - a +2 chain mail (worn)
 m - a +0 chain mail of willpower
 q - a +0 buckler
Jewellery
 p - a +4 ring of protection (left claw)
 t - a ring of fire
Scrolls
 n - 4 scrolls of identify
 r - a scroll of silence
Potions
 e - a potion of attraction
 g - a potion of brilliance
 j - 2 potions of magic
 l - a potion of flight


   Skills:
 + Level 7.4 Fighting
 * Level 9.3 Axes
 + Level 6.5 Armour
 - Level 1.1 Dodging
 + Level 6.2 Spellcasting
 + Level 9.2 Invocations


You had 21 spell levels left.
You didn't know any spells.
Your spell library contained the following spells:

 Spells                   Type           Power      Damage    Failure   Level
 Shock                    Conj/Air       16%        1d4       91%         1
 Summon Small Mammal      Summ           16%        N/A       91%         1
 Sublimation of Blood     Necr           2%         N/A       97%         2
 Wereblood                Tmut           4%         N/A       97%         2
 Call Canine Familiar     Summ           4%         N/A       100%        3
 Summon Guardian Golem    Hex/Summ       4%         N/A       100%        3
 Swiftness                Air            4%         N/A       100%        3
 Airstrike                Air            2%         N/A       100%        4
 Summon Hydra             Summ           2%         N/A       100%        7


Dungeon Overview and Level Annotations

Branches:
Dungeon (10/15)            Temple (1/1) D:6            Lair (0/6) D:10
    Orc (0/2) D:9           Sewer (visited)

Altars:
Ashenzari
Cheibriados
Dithmenos
Elyvilon
Fedhas
Gozag
Hepliaklqana
Kikubaaqudgha
Makhleb
Nemelex Xobeh
Okawaru
Qazlal
Ru
Sif Muna
Trog
Uskayaw
Vehumet
Wu Jian
Xom
Yredelemnul
Zin
The Shining One
Jiyva

Annotations:
D:10 Urug
Abyss:1 Maurice


Innate Abilities, Weirdness & Mutations

You have sharp fingernails.
A meltable icy envelope protects you from harm. (AC +4)
You are partially covered in sharp spines.
You have an extremely huge brain. (Int +4)
A meltable shield of frost defends you. (SH +4)
You are dopey. (Int -2)
You are robust. (+10% HP)


Message History

Urug is nearby!
You bump into the rock wall.
You feel very sick. Urug is struck by your spines.
Urug hits you with a +5 great sword of venom!
You are more poisoned.
You bump into the rock wall.
You feel extremely sick. Urug is struck by your spines.
Urug hits you with a +5 great sword of venom.
You are more poisoned.
Okay, then.
You are too confused!
You are too confused!
You are too confused!
Okay, then.
Okay, then.
Number of times to repeat, then command key: You must enter the number of times for the command to repeat.
Number of times to repeat, then command key: You must enter the number of times for the command to repeat.
You feel extremely sick.
You feel extremely sick.
Urug mutters, "Sometimes I wonder if they all really are harpies."
You completely miss Urug.
Urug is lightly wounded.
You feel less invigorated.
You feel less confused.
You feel extremely sick.
Urug hits you with a +5 great sword of venom!
* * * LOW HITPOINT WARNING * * *
You are more poisoned.
Urug hits you with a +5 great sword of venom!
* * * LOW HITPOINT WARNING * * *
You are more poisoned.
Okay, then.
Press: ? - help, Shift-Dir - straight line, f - Urug
Aim: Urug, wielding a +5 great sword of venom, wearing a +3 chain mail of fire resistance and quivering javelins (lightly wounded, chance to affect: 73%) Urug struggles to resist.
You die...

.........#.....#.###.#
.. ......##.##....#.#
#.#
..#.###............#
#.# .#
######.##....#####.# .
#.####.##.....[....#
#.#......##.##########
. #.# #.##.....#
....#..##.##.###.#
........o@...# #.#
##.....#####.# ###
#####. #.# #. ..# #.
### ##


You could see Urug.

Vanquished Creatures
  Erolcha (D:9)
  A two-headed ogre (D:10)
  Joseph (D:9)
  A hornet (D:7)
  A wyvern (D:7)
  6 yaks
  Menkaure (D:6)
  A water moccasin (D:6)
  An orc warrior (D:7)
  An ice beast (D:8)
  4 sky beasts
  A necrophage (D:8)
  A black bear (D:6)
  4 ogres
  3 centaurs
  A phantom (D:6)
  A kobold brigand (D:6)
  2 bullfrogs (Sewer)
  A gnoll sergeant (D:9)
  2 scorpions (D:5)
  A water moccasin skeleton (D:5)
  12 killer bees
  4 howler monkeys
  A centaur zombie (D:7)
  2 bullfrog zombies
  5 jellies
  A bullfrog skeleton (D:6)
  3 orc priests
  2 gnoll shamans
  3 hounds
  2 centaur skeletons
  An iguana (D:6)
  3 orc wizards
  A hound skeleton (D:4)
  13 gnolls
  A howler monkey skeleton (D:5)
  7 adders
  3 river rats (D:5)
  An ufetubus (D:5)
  An adder skeleton (D:4)
  3 worms
  3 dart slugs
  23 orcs
  18 ball pythons
  21 endoplasms
  19 giant cockroaches
  11 goblins
  8 hobgoblins
  9 jackals
  15 quokkas
  3 bats
  13 frilled lizards
  9 kobolds
  5 rats
262 creatures vanquished.

Vanquished Creatures (collateral kills)
  A goblin (D:1)
  A jackal (D:1)
2 creatures vanquished.

Grand Total: 264 creatures vanquished

Notes
Turn   | Place    | Note
-------+----------+-------------------------------------------
     0 | Abyss:1  | ezpacito the Demonspawn Abyssal Knight began the quest for
                  | the Orb.
     0 | Abyss:1  | Reached XP level 1. HP: 18/18 MP: 2/2
    64 | Abyss:1  | Noticed a thrashing horror
    67 | D:1      | Escaped the Abyss
   149 | D:1      | Reached skill level 1 in Dodging
   296 | D:1      | Reached * piety under Lugonu
   297 | D:1      | Gained mutation: You have an unusually large brain. (Int
                  | +2) [demonic ancestry]
   297 | D:1      | Reached XP level 2. HP: 10/24 MP: 3/3
   325 | D:1      | HP: 1/24 [jackal (2)]
  1166 | D:1      | Gained mutation: A meltable shield of frost defends you.
                  | (SH +4) [demonic ancestry]
  1166 | D:1      | Reached XP level 3. HP: 23/29 MP: 5/5
  1259 | D:1      | Identified 2 scrolls of acquirement
  1259 | D:1      | Acquired 865 gold pieces
  1261 | D:1      | Acquired a +4 executioner's axe of distortion
  1613 | D:2      | Reached XP level 4. HP: 28/35 MP: 6/6
  1687 | D:2      | Reached ** piety under Lugonu
  1717 | D:2      | Reached skill level 1 in Spellcasting
  3049 | D:3      | Found a blossoming altar of Fedhas.
  3058 | D:3      | Found an opulent altar of Gozag.
  3339 | D:4      | Noticed an ogre
  3343 | D:4      | Killed an ogre
  3344 | D:4      | Gained mutation: A meltable icy envelope protects you from
                  | harm. (AC +4) [demonic ancestry]
  3344 | D:4      | Reached XP level 5. HP: 27/42 MP: 7/7
  3487 | D:4      | Gained mutation: You are dopey. (Int -2) [potion of
                  | mutation]
  3487 | D:4      | Gained mutation: You are robust. (+10% HP) [potion of
                  | mutation]
  3761 | D:3      | Reached *** piety under Lugonu
  3762 | D:3      | Gained mutation: You are partially covered in sharp spines.
                  | [demonic ancestry]
  3762 | D:3      | Reached XP level 6. HP: 52/52 MP: 8/8
  3968 | D:4      | Reached XP level 7. HP: 59/59 MP: 10/10
  4374 | D:4      | Found a hazy altar of Hepliaklqana.
  4627 | D:5      | Entered Level 5 of the Dungeon
  4760 | D:5      | Reached skill level 5 in Axes
  4760 | D:5      | Reached skill level 5 in Invocations
  4850 | D:5      | Gained mutation: You have sharp fingernails. [demonic
                  | ancestry]
  4850 | D:5      | Reached XP level 8. HP: 67/67 MP: 12/12
  4929 | D:5      | Found a glowing drain.
  4934 | D:5      | Reached **** piety under Lugonu
  4947 | Sewer    | Entered a sewer
  5250 | Sewer    | Reached ***** piety under Lugonu
  5251 | Sewer    | Reached skill level 5 in Fighting
  6179 | D:6      | Found a staircase to the Ecumenical Temple.
  6217 | D:6      | Gained mutation: You have an extremely huge brain. (Int +4)
                  | [demonic ancestry]
  6217 | D:6      | Reached XP level 9. HP: 66/74 MP: 15/15
  6236 | Temple   | Entered the Ecumenical Temple
  6366 | D:6      | Noticed Menkaure
  6371 | D:6      | Killed Menkaure
  7424 | D:7      | Identified the +6 glaive of Classification {spect, rCorr
                  | Str+2 Dex-2}
  7435 | D:7      | Paralysed by a hornet for 1 turns
  7789 | D:7      | Reached skill level 5 in Armour
  7806 | D:7      | You fall into a shaft and drop 3 floors!
  7806 | D:10     | Entered Level 10 of the Dungeon
  7899 | D:8      | Noticed Maurice
  8780 | D:8      | Reached skill level 5 in Spellcasting
  8877 | D:8      | Banished Maurice
  8878 | D:8      | Reached XP level 10. HP: 37/84 MP: 17/17
  9415 | D:8      | Found a viscous altar of Jiyva.
  9548 | D:8      | Found a shimmering blue altar of Sif Muna.
  9758 | D:9      | Noticed Joseph
  9765 | D:9      | Killed Joseph
 10019 | D:9      | Found a staircase to the Orcish Mines.
 10040 | D:9      | Noticed Erolcha
 10047 | D:9      | Killed Erolcha
 10180 | D:9      | Found an iron altar of Okawaru.
 10647 | D:10     | Noticed a two-headed ogre
 10653 | D:10     | Killed a two-headed ogre
 10882 | D:10     | Found a staircase to the Lair.
 10979 | D:10     | Noticed Urug
 10989 | D:10     | Succumbed to Urug's poison

Illustrated notes

Levels and vault maps discovered:
D:1:      onia_arrival_pyramid, layout_basic, minmay_heptomino_o4
D:2:      layout_basic
D:3:      layout_loops_ring, mainiacjoe_overflow_swirl
D:4:      minmay_bubble_buster, layout_loops_ring,
          worldfamousw_hep_ancestral_shrine
D:5:      layout_rooms, serial_co_window_serial, co_window_paths_b,
          co_window_paths_a, co_window_paths_b, co_window_cross_1,
          co_window_of_opportunity_a, co_window_of_opportunity_a,
          co_window_paths_a, co_window_cross_4, co_window_broadway_c,
          co_window_unsneaky_path_e, co_window_paths_c, portal_sewer_entry_b
D:6:      layout_rooms, temple_doors_e, serial_co_window_serial,
          co_window_corner_a, co_window_paths_a, co_window_of_opportunity_a,
          co_window_paths_a, co_window_paths_a, co_window_cross_2,
          co_window_broadway_a, co_window_unsneaky_path_c, co_window_broadway_c,
          co_window_4corner_a, glass_columns_a, glass_columns_c,
          glass_columns_b, glass_columns_a, grunt_ministairs_3, kennysheep_nub,
          uniq_menkaure
D:7:      layout_basic
D:8:      layout_cave_pools, minitemple, kennysheep_donut, jiyva_altar_1,
          uniq_maurice
D:9:      layout_basic, okawaru_altar_gauntlet_db, orc_0_dummy, uniq_joseph,
          uniq_erolcha
D:10:     minmay_sliced_demisemicircle, layout_basic, lair_entry_dummy,
          grunt_decor_one_mirror, uniq_urug
Temple:   nicolae_temple_x_marks_the_god

Skill      XL: |  1  2  3  4  5  6  7  8  9 10 |
---------------+-------------------------------+-----
Axes           | 2 3 4 5 6 8 9 |  9.3
Dodging        | 1 |  1.1
Armour         | 2 3 4 5 6 |  6.5
Invocations    | 3 4 5 6 8 9 |  9.2
Spellcasting   | 1 2 3 4 5 6 |  6.2
Fighting       | 4 5 6 7 |  7.4

Action                   |  1- 3 |  4- 6 |  7- 9 | 10-12 || total
-------------------------+-------+-------+-------+-------++-------
Melee: Hand axe          |    81 |       |       |       ||    81
       Executioner's axe |    25 |   119 |   227 |    76 ||   447
Invok: Depart the Abyss  |     1 |       |       |       ||     1
       Banish            |       |       |       |     1 ||     1
  Use: Scroll            |     6 |     6 |     7 |     2 ||    21
       Potion            |       |     2 |     7 |     4 ||    13
 Stab: Sleeping          |     1 |     1 |       |       ||     2
Armor: Leather armour    |    36 |    14 |       |       ||    50
       Chain mail        |       |    58 |   190 |    66 ||   314
Dodge: Dodged            |    87 |    54 |    60 |    31 ||   232
Block: Other             |     2 |    22 |    55 |    20 ||    99

Table legend: (Time is in decaauts)
 A = Elapsed time spent in this place.
 B = Non-inter-level travel time spent in this place.
 C = Inter-level travel time spent in this place.
 D = Time resting spent in this place.
 E = Time spent auto-exploring this place.
 F = Levels seen in this place.
 G = Mean time per level.
                   A        B        C        D        E       F      G
               +--------+--------+--------+--------+--------+-----+--------+
         Total |  11381 |  10747 |    634 |    461 |   8362 |  13 |  875.5 |
       Dungeon |  10730 |  10104 |    626 |    461 |   7981 |  10 | 1073.0 |
        Temple |     99 |     92 |      7 |      0 |     88 |   1 |   99.0 |
         Abyss |     67 |     67 |      0 |      0 |     63 |   1 |   67.0 |
         Sewer |    484 |    484 |      0 |      0 |    230 |   1 |  484.0 |
               +--------+--------+--------+--------+--------+-----+--------+

Top non-repeatable levels by time:
     D:7: 1376 daAuts
     D:1: 1271 daAuts
     D:6: 1270 daAuts
     D:4: 1185 daAuts
     D:2: 1180 daAuts
     D:3: 1077 daAuts
     D:9: 1068 daAuts
     D:5: 941 daAuts
     D:8: 881 daAuts
   Sewer: 484 daAuts
    D:10: 476 daAuts
  Temple: 99 daAuts
 Abyss:1: 67 daAuts
